 Dungeon Crawl Stone Soup version 0.26.1-2-gb8aa6d0cf2 (webtiles) character file.

Game seed: 9070905248176093756

6735 Ladykiller69 the Cleaver (level 11, -6/99 HPs)
             Began as a Hill Orc Gladiator on Mar 23, 2021.
             Was a Priest of Wu Jian.
             Mangled by a wyvern (12 damage)
             ... on level 9 of the Dungeon on Mar 24, 2021.
             The game lasted 00:43:26 (10616 turns).

Ladykiller69 the Cleaver (Hill Orc Gladiator)      Turns: 10616, Time: 00:43:27

Health: -6/99      AC: 15    Str: 21    XL:     11   Next: 4%
Magic:  11/11      EV:  9    Int:  8    God:    Wu Jian [***...]
Gold:   361        SH:  0    Dex: 12    Spells: 10/10 levels left

rFire    . . .     SeeInvis .   A - +4 battleaxe
rCold    . . .     Faith    .   (shield currently unavailable)
rNeg     . . .     Spirit   .   m - +0 chain mail
rPois    .         Reflect  .   c - +0 helmet
rElec    .         Harm     .   g - +0 cloak
rCorr    .         Rampage  .   i - +0 pair of gloves
Will     .....                  (no boots)
Stlth    ..........             (no amulet)
HPRegen  0.26/turn              (no ring)
MPRegen  0.12/turn              (no ring)

@: about to teleport, marked, hasted, very quick
A: no striking features
a: Renounce Religion, Wall Jump, Serpent's Lash


You were on level 9 of the Dungeon.
You worshipped Wu Jian.
Wu Jian was most pleased with you.
You visited 2 branches of the dungeon, and saw 10 of its levels.

You collected 361 gold pieces.

Inventory:

Hand Weapons
 A - a +4 battleaxe (weapon)
 B - the +10 arbalest of the Dead {venom, +Inv rPois rF- Str+4}
   (You found it on level 7 of the Dungeon)

   It poisons the ammo it fires.
   It affects your strength (+4).
   It makes you vulnerable to fire.
   It protects you from poison.
   It lets you turn invisible.
Missiles
 l - 20 poisoned darts (quivered)
 D - 30 bolts
Armour
 c - a +0 helmet (worn)
 g - a +0 cloak (worn)
 i - a +0 pair of gloves (worn)
 m - a +0 chain mail (worn)
 C - a +0 plate armour
Jewellery
 a - an uncursed ring of poison resistance
 t - a cursed ring of attention {unknown}
 v - an uncursed ring of fire {unknown}
 K - an uncursed ring of willpower {unknown}
Wands
 s - a wand of digging (3)
 F - a wand of polymorph (7)
 H - a wand of random effects (24)
 J - a wand of acid (7)
Scrolls
 f - a scroll of amnesia {unknown}
 j - 5 scrolls of immolation {unknown}
 k - 7 scrolls of identify {unknown}
 n - 3 scrolls of magic mapping {unknown}
 o - a scroll of enchant weapon {unknown}
 p - a scroll of vulnerability {unknown}
 q - 4 scrolls of teleportation
 r - a scroll of noise {unknown}
 u - a scroll of enchant armour {unknown}
 x - 6 scrolls of blinking {unknown}
 y - 5 scrolls of remove curse {unknown}
Potions
 b - a potion of ambrosia {unknown}
 e - a potion of heal wounds
 h - 2 potions of cancellation {unknown}
 w - 3 potions of curing
 z - 2 potions of flight {unknown}
 E - a potion of lignification {unknown}
 G - a potion of brilliance {unknown}
 I - 3 potions of berserk rage {unknown}


   Skills:
 + Level 10.1 Fighting
 + Level 13.7 Axes
 + Level 4.1 Crossbows
 - Level 2.1 Throwing
 + Level 8.7 Armour
 - Level 3.0 Dodging


You had 10 spell levels left.
You didn't know any spells.
Your spell library was empty.

Dungeon Overview and Level Annotations

Branches:
Dungeon (9/15)             Temple (1/1) D:4
   Lair: D:8-11         Orc: D:9-12

Altars:
Cheibriados
Dithmenos
Elyvilon
Fedhas
Gozag
Hepliaklqana
Makhleb
Nemelex Xobeh
Okawaru
Ru
Trog
Uskayaw
Vehumet
Wu Jian
Xom
Yredelemnul
Zin

Annotations:
D:9 Maggie


Message History

The two-headed ogre completely misses you.
The two-headed ogre hits you with a +0 giant spiked club.
The wyvern bites you but does no damage.
The wight hits you but does no damage.
As you read the scroll labelled RYMELA ARERI, it crumbles to dust.
You feel strangely unstable.
It was a scroll of teleportation.
The howler monkey hits you.
A red ugly thing comes into view.
The wyvern bites you!
* * * LOW HITPOINT WARNING * * *
You barely miss the two-headed ogre.
The two-headed ogre is severely wounded.
You closely miss the wyvern. You slash the orc warrior!
You hit the howler monkey. The two-headed ogre barely misses you.
The two-headed ogre hits you with a +0 giant spiked club!
* * * LOW HITPOINT WARNING * * *
The orc warrior hits you but does no damage.
The howler monkey hits you but does no damage.
The wight closely misses you. The wyvern bites you!
You die...

###.c###.## ##
#........... .
###O######### .
..## #.<...#
##.##. .....
#.....# .#u...
...#. #...†.#
###..n... .....
#...@O####h.o.....
.....
#...YcoZzOho......
.....
#..>o.##cl@#.....
>.... #######..###
... ....# #.## .
...# ... ....
#.... #.... #....


You could see a red ugly thing, Maggie, a two-headed ogre, a yak, an orc
warrior, a wyvern, an ogre, a necrophage, 2 centaurs, 2 howler monkeys, a wight,
2 orcs and a hound zombie.

Vanquished Creatures
  Harold (D:9)
  A two-headed ogre (D:8)
  Grinder (D:6)
  Eustachio (D:6)
  A water moccasin (D:8)
  Duvessa (D:5)
  3 sky beasts
  3 orc warriors
  2 phantoms
  2 ice beasts
  A necrophage (D:8)
  An eye of draining (D:8)
  5 ogres
  5 centaurs
  8 bullfrogs
  Dowan (D:5)
  A scorpion (D:6)
  13 wights
  9 killer bees
  2 howler monkeys
  2 centaur zombies (D:8)
  3 hounds (D:4)
  2 jellies
  5 orc priests
  9 orc wizards
  2 bullfrog skeletons
  Terence (D:3)
  5 iguanas
  8 worker ants
  A killer bee zombie (D:7)
  Robin (D:3)
  6 adders
  4 gnolls
  2 shadow imps
  3 white imps
  An ufetubus (D:5)
  2 adder zombies
  3 worms
  3 dart slugs
  9 leopard geckos
  25 orcs
  A ball python (D:5)
  5 bats
  6 giant cockroaches
  18 goblins
  7 hobgoblins
  3 jackals (D:4)
  5 kobolds
  7 quokkas
  4 frilled lizards
  A jackal skeleton (D:8)
  A quokka zombie (D:6)
  3 rats
220 creatures vanquished.

Notes
Turn   | Place    | Note
-------+----------+-------------------------------------------
     0 | D:1      | Ladykiller69 the Hill Orc Gladiator began the quest for the
                  | Orb.
     0 | D:1      | Reached XP level 1. HP: 18/18 MP: 1/1
   440 | D:1      | Reached XP level 2. HP: 25/25 MP: 2/2
  1310 | D:1      | Reached XP level 3. HP: 23/30 MP: 3/3
  1529 | D:2      | Reached skill level 5 in Axes
  1530 | D:2      | Reached XP level 4. HP: 22/38 MP: 4/4
  2106 | D:3      | Noticed Robin
  2144 | D:3      | Noticed a bullfrog
  2148 | D:3      | Killed a bullfrog
  2149 | D:3      | Reached skill level 1 in Armour
  2149 | D:3      | Reached XP level 5. HP: 38/45 MP: 5/5
  2252 | D:3      | Killed Robin
  2447 | D:3      | Found a shadowy altar of Dithmenos.
  2447 | D:3      | Noticed Terence
  2458 | D:3      | Killed Terence
  2459 | D:3      | Reached skill level 6 in Axes
  2468 | D:3      | Reached XP level 6. HP: 32/52 MP: 6/6
  2503 | D:2      | HP: 2/52 [orc wizard/magic dart (6)]
  3100 | D:3      | Reached skill level 7 in Axes
  3180 | D:3      | Found a sparkling altar of Nemelex Xobeh.
  3510 | D:4      | Noticed a sky beast
  3702 | D:4      | Reached XP level 7. HP: 60/60 MP: 7/7
  3863 | D:4      | Found a staircase to the Ecumenical Temple.
  3915 | D:4      | Reached skill level 5 in Fighting
  3968 | D:4      | Reached skill level 8 in Axes
  4186 | D:3      | Reached skill level 9 in Axes
  4186 | D:3      | Reached XP level 8. HP: 24/70 MP: 8/8
  4775 | Temple   | Entered the Ecumenical Temple
  4781 | Temple   | Became a worshipper of the Wu Jian Council
  4870 | D:5      | Entered Level 5 of the Dungeon
  4870 | D:5      | Noticed Duvessa
  4870 | D:5      | Noticed Dowan
  4998 | D:5      | Killed Duvessa
  5003 | D:5      | Killed Dowan
  5235 | D:5      | Found a glowing silver altar of Zin.
  5402 | D:5      | Reached skill level 10 in Axes
  5414 | D:5      | Reached skill level 5 in Armour
  5582 | D:5      | Found an opulent altar of Gozag.
  6103 | D:6      | Found a bloodstained altar of Trog.
  6239 | D:6      | Found a blossoming altar of Fedhas.
  6264 | D:6      | Reached XP level 9. HP: 72/79 MP: 9/9
  6265 | D:6      | Reached * piety under Wu Jian
  6362 | D:6      | Reached skill level 11 in Axes
  6397 | D:6      | Found an iron altar of Okawaru.
  6418 | D:6      | Found a radiant altar of Vehumet.
  6420 | D:6      | Found a basalt altar of Yredelemnul.
  6482 | D:6      | Noticed Grinder
  6494 | D:6      | Killed Grinder
  6610 | D:6      | Noticed Eustachio
  6623 | D:6      | Killed Eustachio
  7278 | D:7      | Reached skill level 12 in Axes
  7647 | D:7      | Got a jewelled arbalest
  7648 | D:7      | Identified the +10 arbalest of the Dead {venom, +Inv rPois
                  | rF- Str+4} (You found it on level 7 of the Dungeon)
  8078 | D:7      | Reached XP level 10. HP: 82/90 MP: 10/10
  8310 | D:7      | Reached skill level 1 in Crossbows
  8533 | D:7      | Found a shimmering altar of Xom.
  8810 | D:7      | Reached ** piety under Wu Jian
  8954 | D:8      | Reached skill level 13 in Axes
  9009 | D:8      | Noticed a two-headed ogre
  9477 | D:8      | Killed a two-headed ogre
 10022 | D:9      | Noticed Maggie
 10355 | D:9      | Noticed Harold
 10388 | D:9      | Noticed a two-headed ogre
 10592 | D:9      | Noticed a two-headed ogre
 10597 | D:9      | Killed Harold
 10598 | D:9      | Reached skill level 10 in Fighting
 10598 | D:9      | Reached XP level 11. HP: 61/99 MP: 11/11
 10599 | D:9      | Reached *** piety under Wu Jian
 10615 | D:9      | Noticed a red ugly thing
 10616 | D:9      | Mangled by a wyvern

Illustrated notes

Levels and vault maps discovered:
D:1:      ncdulo_lavacross, layout_basic
D:2:      layout_rooms
D:3:      layout_rooms, nicolae_overflow_crystal_walls, hex_tiny,
          nemelex_spade_bored_becter, uniq_robin, uniq_terence
D:4:      minmay_chambers_of_fours, layout_cave_pools,
          minmay_temple_entry_butterflies, cheibrodos_gnoll_hut
D:5:      layout_loops_ring, pdpol_temple_overflow_zin_treasury_gozag_greed,
          uniq_duvessa
D:6:      layout_basic, minitemple, lemuel_crystal_altar,
          ebering_dispersal_statue_hall, trog_butcher_becter, uniq_grinder,
          uniq_eustachio
D:7:      layout_basic, lemuel_doored_altar, st_stairs_9, grunt_ministairs_3,
          minmay_diced_spiral
D:8:      layout_loops_ring
D:9:      minmay_the_grid_square_5x5_3x3 [minmay_the_grid_square_5x5_six,
          minmay_the_grid_square_5x5_misaligned,
          minmay_the_grid_square_5x5_forky,
          minmay_the_grid_square_5x5_three_walls,
          minmay_the_grid_square_5x5_megaprize_open,
          minmay_the_grid_square_5x5_tie,
          minmay_the_grid_square_5x5_sharp_hourglass,
          minmay_the_grid_square_5x5_seven,
          minmay_the_grid_square_5x5_two_walls_b], layout_rooms,
          nicolae_straight_to_the_point, uniq_maggie, uniq_harold
Temple:   eino_narrow_crystal_temple

Skill      XL: |  1  2  3  4  5  6  7  8  9 10 |
---------------+-------------------------------+-----
Throwing       | 2 |  2.1
Fighting       | 3 4 5 7 8 10 | 10.1
Axes           | 5 6 7 9 10 12 13 | 13.7
Armour         | 1 2 4 5 7 8 |  8.7
Dodging        | 3 |  3.0
Crossbows      | 4 |  4.1

Action                   |  1- 3 |  4- 6 |  7- 9 | 10-12 || total
-------------------------+-------+-------+-------+-------++-------
Melee: War axe           |    83 |   142 |   281 |       ||   506
       Battleaxe         |       |       |    76 |    94 ||   170
       Arbalest          |       |       |     1 |     3 ||     4
 Fire: Arbalest          |       |       |     4 |    54 ||    58
Throw: Throwing net      |       |       |     1 |     3 ||     4
Invok: Lunge             |       |       |    21 |     5 ||    26
       Whirlwind         |       |       |       |     8 ||     8
  Use: Potion            |       |     1 |       |     2 ||     3
       Scroll            |       |       |       |     1 ||     1
 Stab: Held in net/web   |       |       |       |     2 ||     2
Armor: Leather armour    |    13 |       |       |       ||    13
       Ring mail         |    28 |    34 |       |       ||    62
       Chain mail        |       |    26 |   187 |    78 ||   291
Dodge: Dodged            |    60 |   101 |   137 |    64 ||   362
